 Dungeon Crawl Stone Soup version 0.28-b1-25-g9875b3fc8c (webtiles) character file.

Game seed: 10094789125258468434

4942 LustLizard the Cleaver (level 10, -4/90 HPs)
             Began as a Minotaur Berserker on Feb 2, 2022.
             Was a High Priest of Trog.
             Slain by a centaur warrior zombie (9 damage)
             ... on level 8 of the Dungeon.
             The game lasted 00:19:06 (7351 turns).

LustLizard the Cleaver (Minotaur Berserker)         Turns: 7351, Time: 00:19:07

Health: -4/90      AC: 11    Str: 31    XL:     10   Next: 28%
Magic:  9/9        EV:  9    Int:  6    God:    Trog [*****.]
Gold:   351        SH:  0    Dex:  9    Spells: 9/9 levels left

rFire   + . .      SeeInvis .   a - +0 hand axe
rCold   . . .      Faith    .   B - orb {light}
rNeg    . . .      Spirit   .   A - +0 chain mail
rPois   .          Reflect  .   (helmet restricted)
rElec   .          Harm     .   (no cloak)
rCorr   .          Rampage  .   (no gloves)
Will    .....                   J - +2 pair of boots
Stlth   ..........              q - amulet of regeneration
HPRegen 1.05/turn               h - +6 ring of strength
MPRegen 0.11/turn               v - ring of protection from fire

@: on berserk cooldown, slowed, glowing, very slow
A: horns 2, retaliatory headbutt
a: Renounce Religion, Berserk, Trog's Hand, Brothers in Arms


You were on level 8 of the Dungeon.
You worshipped Trog.
Trog was extremely pleased with you.
You visited 1 branch of the dungeon, and saw 8 of its levels.

You collected 403 gold pieces.
You spent 52 gold pieces at shops.

Inventory:

Hand Weapons
 a - a +0 hand axe (weapon)
 m - a +4 hand axe of venom
 D - a +5 battleaxe
 E - a +0 war axe
Missiles
 f - 124 stones (quivered)
 G - 4 throwing nets
 H - 2 poisoned darts
Armour
 b - a +0 animal skin
 c - a +0 ring mail
 g - a +0 scale mail
 y - a +0 pair of boots
 A - a +0 chain mail (worn)
 B - an orb of light (worn)
 J - a +2 pair of boots (worn)
 Q - a +0 buckler
Jewellery
 h - a +6 ring of strength (left hand)
 q - an amulet of regeneration (around neck)
 v - a ring of protection from fire (right hand)
 M - an amulet of reflection
 P - an amulet of reflection
Wands
 l - a wand of polymorph (11)
 C - a wand of flame (13)
 F - a wand of mindburst (4)
Scrolls
 d - 2 scrolls of blinking {unknown}
 e - 5 scrolls of teleportation
 i - a scroll of acquirement {unknown}
 j - 2 scrolls of enchant armour {unknown}
 k - a scroll of holy word {unknown}
 p - a scroll of silence {unknown}
 r - 2 scrolls of vulnerability {unknown}
 u - 3 scrolls of noise {unknown}
 w - a scroll of fear
 L - a scroll of immolation
 N - a scroll of torment {unknown}
 O - a scroll of magic mapping {unknown}
Potions
 n - 3 potions of heal wounds
 o - 2 potions of haste
 s - a potion of ambrosia
 t - 2 potions of berserk rage
 x - 3 potions of curing
 z - 3 potions of might
 I - a potion of brilliance
 K - a potion of resistance
 R - a potion of attraction {unknown}
 S - a potion of flight {unknown}


   Skills:
 + Level 8.6 Fighting
 * Level 11.5 Axes
 * Level 8.9 Throwing
 - Level 2.4 Armour
 - Level 2.1 Dodging
 * Level 1.3 Shields
 * Level 4.2 Evocations


You had 9 spell levels left.
You didn't know any spells.
Your spell library was empty.

Dungeon Overview and Level Annotations

Branches:
Dungeon (8/15)             Temple (0/1) D:5
   Lair: D:8-11

Altars:
Dithmenos
Lugonu

Shops:
D:7 *

Portals:
Abyss: D:3


Innate Abilities, Weirdness & Mutations

You have a pair of horns on your head.
You reflexively headbutt those who attack you in melee.


Message History

You feel sick.
You feel sick. The centaur warrior zombie hits you.
* * * LOW HITPOINT WARNING * * *
The centaur warrior zombie kicks you but does no damage.
The centaur warrior zombie hits you but does no damage.
The centaur warrior zombie completely misses you.
You hit the centaur warrior zombie.
You headbutt the centaur warrior zombie!
The centaur warrior zombie is lightly damaged.
You feel sick.
You are no longer poisoned.
The centaur warrior zombie hits you but does no damage.
The centaur warrior zombie kicks you but does no damage.
You completely miss the centaur warrior zombie.
The centaur warrior zombie is lightly damaged.
The centaur warrior zombie hits you but does no damage.
The centaur warrior zombie kicks you but does no damage.
The centaur warrior zombie hits you!
* * * LOW HITPOINT WARNING * * *
The centaur warrior zombie kicks you.
* * * LOW HITPOINT WARNING * * *
You hit the centaur warrior zombie.
The centaur warrior zombie is moderately damaged.
The centaur warrior zombie hits you.
* * * LOW HITPOINT WARNING * * *
The centaur warrior zombie kicks you but does no damage.
Unknown command.
You hit the centaur warrior zombie but do no damage.
You headbutt the centaur warrior zombie!
The centaur warrior zombie is moderately damaged.
The centaur warrior zombie hits you but does no damage.
The centaur warrior zombie kicks you but does no damage.
The centaur warrior zombie hits you.
* * * LOW HITPOINT WARNING * * *
The centaur warrior zombie kicks you but does no damage.
You hit the centaur warrior zombie.
You headbutt the centaur warrior zombie!
The centaur warrior zombie is heavily damaged.
The centaur warrior zombie hits you!
You die...

.... ##...##).##.#
.... #.#.....##.#
....#####.#..##.##.#
....(...#.##.##.##.#
........#.##.##.##.#
......(.#. #.......#
..)...)(#+###...##.#
......†.(..##...####.#
......†..).##..Z@.[..#
.....#.....###..######
.... #..........# ...
#.....####.# ..
#.....# #.# . #.....#
#># #.....# ###
#.....# #.....#


You could see a centaur warrior zombie.

Vanquished Creatures
  A two-headed ogre (D:8)
  Grinder (D:3)
  4 yaks (D:5)
  A steam dragon (D:7)
  A water moccasin (D:3)
  An ice beast (D:6)
  3 black bears
  4 ogres
  A necrophage (D:4)
  A centaur (D:7)
  2 bullfrogs
  A gnoll sergeant (D:8)
  3 scorpions
  A water moccasin skeleton (D:7)
  11 killer bees (D:8)
  10 wights
  2 electric eels (D:7)
  2 howler monkeys
  3 centaur zombies
  2 orc priests
  4 hounds
  A centaur skeleton (D:6)
  3 gnoll shamans
  Ijyb (D:3)
  An iguana (D:7)
  4 orc wizards
  A killer bee zombie (D:7)
  5 adders
  27 gnolls
  An ufetubus (D:6)
  An adder zombie (D:5)
  A worm (D:2)
  2 dart slugs
  44 orcs
  8 endoplasms
  2 giant cockroaches (D:4)
  6 goblins
  5 hobgoblins
  12 jackals (D:5)
  2 quokkas
  3 ball pythons
  3 bats
  2 frilled lizards (D:1)
  12 kobolds
  5 rats
211 creatures vanquished.

Vanquished Creatures (others)
  2 gnolls (D:7)
  7 plants
9 creatures vanquished.

Grand Total: 220 creatures vanquished

Notes
Turn   | Place    | Note
-------+----------+-------------------------------------------
     0 | D:1      | LustLizard the Minotaur Berserker began the quest for the
                  | Orb.
     0 | D:1      | Reached XP level 1. HP: 19/19 MP: 0/0
   135 | D:1      | Reached skill level 4 in Axes
   233 | D:1      | Reached XP level 2. HP: 27/27 MP: 1/1
  1157 | D:2      | Reached ** piety under Trog
  1213 | D:2      | Found a faded altar of an unknown god.
  1226 | D:2      | Reached XP level 3. HP: 28/33 MP: 2/2
  1274 | D:2      | Found a shadowy altar of Dithmenos.
  1347 | D:2      | Reached skill level 1 in Throwing
  2207 | D:3      | Reached XP level 4. HP: 40/40 MP: 3/3
  2211 | D:3      | Noticed a water moccasin
  2222 | D:3      | Killed a water moccasin
  2223 | D:3      | Reached skill level 5 in Axes
  2223 | D:3      | Reached XP level 5. HP: 33/47 MP: 4/4
  2436 | D:3      | Noticed Ijyb
  2451 | D:3      | Killed Ijyb
  2575 | D:3      | Found a one-way gate to the infinite horrors of the Abyss.
  2583 | D:3      | Noticed Grinder
  2642 | D:3      | Killed Grinder
  2643 | D:3      | Reached skill level 5 in Fighting
  2643 | D:3      | Reached skill level 6 in Axes
  2643 | D:3      | Reached XP level 6. HP: 8/56 MP: 5/5
  2949 | D:3      | Found a large runed translucent door.
  2951 | D:3      | Found a large runed translucent door.
  3111 | D:3      | Found a corrupted altar of Lugonu.
  3475 | D:4      | Reached skill level 7 in Axes
  3475 | D:4      | Reached XP level 7. HP: 52/61 MP: 6/6
  3659 | D:4      | Reached *** piety under Trog
  3891 | D:5      | Entered Level 5 of the Dungeon
  4009 | D:5      | Reached skill level 5 in Throwing
  4049 | D:5      | Found a staircase to the Ecumenical Temple.
  4228 | D:5      | Reached skill level 8 in Axes
  4228 | D:5      | Reached XP level 8. HP: 70/70 MP: 7/7
  4588 | D:5      | Reached skill level 9 in Axes
  4971 | D:5      | Reached XP level 9. HP: 31/79 MP: 8/8
  5099 | D:5      | Reached **** piety under Trog
  5157 | D:5      | Reached skill level 10 in Axes
  5625 | D:6      | Reached skill level 1 in Evocations
  6437 | D:7      | Found Caehohup's Assorted Antiques.
  6445 | D:7      | Bought a scroll of identify for 52 gold pieces
  6793 | D:7      | Reached skill level 11 in Axes
  7015 | D:8      | Noticed a two-headed ogre
  7089 | D:8      | Reached XP level 10. HP: 41/88 MP: 9/9
  7181 | D:8      | Killed a two-headed ogre
  7337 | D:8      | Reached skill level 1 in Shields
  7337 | D:8      | Reached ***** piety under Trog
  7349 | D:8      | HP: 4/90 [centaur warrior zombie (2)]
  7351 | D:8      | Slain by a centaur warrior zombie

Illustrated notes

Levels and vault maps discovered:
D:1:      eino_arrival_cavern_c, layout_basic
D:2:      layout_basic, basic_ecumenical_altar, basic_altar,
          chequers_mini_garden, kennysheep_generic_room_12
D:3:      due_chaos_kobolds, layout_basic, uniq_ijyb, uniq_grinder
D:4:      layout_cave_pools
D:5:      lemuel_castle_with_subvaults [lemuel_castle_interior_carwin_3],
          layout_cave_pools, temple_pool_b
D:6:      layout_basic, hex_medium, st_stairs_13, minmay_misc_feat_hallway
D:7:      layout_cave_pools, serial_shops, nicolae_stop_n_shop_2,
          kennysheep_decorative_pillar, serial_bayou_lagoon_b
D:8:      layout_basic

Skill      XL: |  1  2  3  4  5  6  7  8  9 10 |
---------------+-------------------------------+-----
Axes           | 4 5 6 7 8 9 11 | 11.5
Fighting       | 4 5 6 7 8 |  8.6
Throwing       | 1 2 3 4 5 7 8 |  8.9
Evocations     | 3 4 |  4.2
Shields        | 1 |  1.3
Armour         | |  2.4
Dodging        | |  2.1

Action                   |  1- 3 |  4- 6 |  7- 9 | 10-12 || total
-------------------------+-------+-------+-------+-------++-------
Melee: Hand axe          |    87 |    63 |   269 |    29 ||   448
       Headbutt          |    14 |     8 |    59 |     7 ||    88
       Punch             |     1 |       |       |       ||     1
       Unarmed           |       |     5 |       |       ||     5
Throw: Stone             |     4 |    27 |   252 |     6 ||   289
Invok: Berserk           |       |     2 |     2 |     1 ||     5
       Trog's Hand       |       |     2 |     2 |       ||     4
Evoke: Wand              |       |       |       |     4 ||     4
  Use: Scroll            |       |       |    10 |       ||    10
 Stab: Confused          |       |     1 |       |       ||     1
Armor: Animal skin       |     2 |       |       |       ||     2
       Ring mail         |    15 |       |       |       ||    15
       Scale mail        |    10 |    21 |    12 |       ||    43
       Chain mail        |       |       |    98 |    33 ||   131
Dodge: Dodged            |    28 |    31 |   104 |    19 ||   182
